 Dungeon Crawl Stone Soup version 0.25-a0-248-g18654cfe15 (webtiles) character file.

Game seed: 16923040773208086187, levelgen mode: deterministic

30178 shishkin the Thrower (level 13, -2/70 HPs)
             Began as a Vine Stalker Assassin on Sept 12, 2019.
             Was a High Priest of Dithmenos.
             Slain by a death yak (4 damage)
             ... on level 5 of the Lair of Beasts on Dec 4, 2019.
             The game lasted 01:38:48 (14930 turns).

shishkin the Thrower (Vine Stalker Assassin)       Turns: 14930, Time: 01:38:50

Health: -2/70      AC: 18    Str: 14    XL:     13   Next: 50%
Magic:  0/14       EV: 11    Int: 11    God:    Dithmenos [*****.]
Gold:   1108       SH: 10    Dex: 21    Spells: 12/12 levels left

rFire    + . .     SeeInvis .   i - +2 dagger (drain)
rCold    + . .     Gourm    .   z - +1 buckler
rNeg     . . .     Faith    .   h - +0 plate armour
rPois    .         Spirit   +   (no helmet)
rElec    +         Reflect  +   a - scarf {rC+ rF+}
rCorr    .         Harm     .   (no gloves)
MR       ++...                  k - +2 pair of boots {Stlth+}
Stlth    ..........             c - +3 amulet of reflection
HPRegen  1.01/turn              L - ring of protection from magic
MPRegen  0.14/turn              C - ring of Dair {rElec EV+5}

@: wreathed by umbra
A: fangs 3, regeneration 2, magic shield, antimagic bite, no potion heal 3, rot
immunity
a: Shadow Step, Shadow Form, Renounce Religion


You were on level 5 of the Lair of Beasts.
You worshipped Dithmenos.
Dithmenos was extremely pleased with you.
You were hungry.

You visited 2 branches of the dungeon, and saw 16 of its levels.
You also visited: Sewer.

You collected 1108 gold pieces.

Inventory:

Hand Weapons
 i - a +2 dagger of draining (weapon)
Missiles
 d - 22 poisoned darts
 e - 5 javelins (quivered)
 B - 8 curare-tipped darts
 E - a throwing net
 J - 6 silver javelins
Armour
 a - a scarf of resistance (worn)
 h - a +0 plate armour (worn)
 k - a +2 pair of boots of stealth (worn)
 z - a +1 buckler (worn)
Jewellery
 c - a +3 amulet of reflection (around neck)
 C - the ring of Dair (right hand) {rElec EV+5}
   (You found it on level 2 of the Lair of Beasts)

   [ring of evasion]

   It affects your evasion (+5).
   It insulates you from electricity.
 H - a +2 ring of strength
 L - a ring of protection from magic (left hand)
 M - an uncursed ring of flight
 Q - an uncursed ring of poison resistance {unknown}
Wands
 g - a wand of paralysis (12)
 l - a wand of iceblast (23)
 o - a wand of random effects (32)
 D - a wand of acid (12)
Scrolls
 j - 8 scrolls of amnesia
 p - 9 scrolls of teleportation
 q - 7 scrolls of remove curse
 r - a scroll of immolation
 u - a scroll of fog
 w - 3 scrolls of fear
 x - 3 scrolls of enchant armour
 y - a scroll of identify
 A - 2 scrolls of magic mapping
 F - a scroll of blinking
 G - a scroll of vulnerability
 N - a scroll of holy word
 P - a scroll of torment {unknown}
Potions
 b - 3 potions of brilliance
 n - a potion of might
 s - 2 potions of magic
 t - 2 potions of flight
 v - a potion of cancellation
 K - a potion of curing
Comestibles
 f - 31 rations


   Skills:
 + Level 8.9 Fighting
 + Level 10.3 Short Blades
 + Level 10.6 Throwing
 + Level 10.1 Armour
 + Level 2.4 Dodging
 + Level 6.1 Stealth
 - Level 4.0 Shields


You had 12 spell levels left.
You didn't know any spells.
Your spell library contained the following spells:

 Spells                   Type           Power        Failure   Level  Hunger
 Animate Skeleton         Necr           N/A          100%        1    ##.....
 Infusion                 Chrm           #...         100%        1    ##.....
 Magic Dart               Conj           #...         100%        1    ##.....
 Pain                     Necr           #...         100%        1    ##.....
 Summon Small Mammal      Summ           #...         100%        1    ##.....
 Ensorcelled Hibernation  Hex/Ice        #.....       100%        2    ###....
 Searing Ray              Conj           #.....       100%        2    ###....
 Shroud of Golubria       Chrm/Tloc      #.....       100%        2    ###....
 Song of Slaying          Chrm           #.......     100%        2    ###....
 Dazzling Flash           Conj/Hex       #.....       100%        3    ####...
 Regeneration             Chrm/Necr      #.........   100%        3    ####...
 Spectral Weapon          Hex/Chrm       #.......     100%        3    ####...
 Vampiric Draining        Necr           #.........   100%        3    ####...
 Animate Dead             Necr           N/A          100%        4    #####..
 Fulminant Prism          Conj/Hex       #.........   100%        4    #####..
 Hailstorm                Conj/Ice       #.......     100%        4    #####..
 Ice Form                 Ice/Tmut       #.......     100%        4    #####..
 Iskenderun's Mystic Bla  Conj/Tloc      #.......     100%        4    #####..
 Summon Ice Beast         Ice/Summ       #.......     100%        4    #####..
 Aura of Abjuration       Summ           #.........   100%        5    ######.
 Irradiate                Conj/Tmut      #.........   100%        5    ######.
 Hydra Form               Tmut           #.........   100%        6    #######
 Statue Form              Tmut/Erth      #........    100%        6    #######
 Dragon Form              Tmut           #.........   100%        7    #######


Dungeon Overview and Level Annotations

Branches:
Dungeon (11/15)            Temple (0/1) D:4            Lair (5/6) D:8
 Shoals (0/4) Lair:3        Snake (0/4) Lair:4        Slime (0/5) Lair:5
    Orc (0/2) D:10          Sewer (visited)

Altars:
Dithmenos
Elyvilon
Fedhas
Gozag
Hepliaklqana
Makhleb
Nemelex Xobeh
Okawaru
Qazlal
Ru
Trog
Xom
Yredelemnul
Zin
Jiyva

Shops:
D:7 }

Annotations:
Lair:4 3 runed translucent doors, astraldaughter's ghost, journeyman DECj


Innate Abilities, Weirdness & Mutations

You have razor-sharp teeth.
You heal very quickly.
When hurt, damage is shared between your health and your magic reserves.
Your bite disrupts and absorbs the magic of your enemies.
Potions cannot restore your health.
You are immune to rotting.


Message History

The death yak gores you but does no damage.
The death yak barely misses you.
You hit the death yak but do no damage. You drain the death yak.
The death yak is severely wounded.
You hit the death yak. You bite the death yak! You drain its power.
The death yak is almost dead.
The crocodile bites you but does no damage.
The death yak gores you!
* * * LOW HITPOINT WARNING * * *
You block the death yak's attack.
You hit the death yak. Your bite misses the death yak.
The death yak is almost dead.
You hit the death yak but do no damage.
The death yak is almost dead.
The crocodile bites you!
* * * LOW HITPOINT WARNING * * *
The death yak gores you!
* * * LOW HITPOINT WARNING * * *
The death yak gores you.
You die...

#.#. ..P..#..#..##...
#..#### #...# ##.#####.
###..P..###.#.# ##.>.#.###
##.#P....P)....###.....###.
.............##............
................###..#.....
............##### #..###...
##..#.....#### #..##..#. #.
#.#.#Y@..### P..##....
#....tY....# ..)...#...
##....8....# ..........
#....####....# #...#..#.
#...## #....##P...##..
#...## ##....PP.###.. #....
###........#.#. ......
.......รท..#.... .8....
.8.....8...#...


You could see 2 death yaks and a crocodile.

Vanquished Creatures
  Harold (D:7)
  A hydra (Lair:2)
  A two-headed ogre (D:9)
  A death yak (Lair:5)
  2 manticores
  4 black mambas
  Joseph (D:10)
  6 spiny frogs
  3 rime drakes
  A tengu conjurer (D:11)
  2 komodo dragons
  A troll (D:11)
  A hornet (D:11)
  Grinder (D:6)
  20 blink frogs
  6 dream sheep
  5 hippogriffs
  Sigmund (D:6)
  A wraith (D:10)
  32 yaks
  A wyvern (Lair:2)
  2 basilisks
  2 hungry ghosts
  15 water moccasins
  4 orc warriors
  7 porcupines
  A swamp drake (D:10)
  Duvessa (D:6)
  Purgy (Sewer)
  3 ice beasts
  4 sky beasts
  A necrophage (D:8)
  3 black bears (D:8)
  3 wolves (Lair:1)
  3 ogres
  A phantom (D:5)
  A centaur (D:11)
  11 crocodiles
  A big kobold (D:10)
  16 bullfrogs
  Dowan (D:6)
  4 scorpions
  6 killer bees
  A howler monkey (D:4)
  3 crimson imps
  2 centaur zombies
  A quasit (D:10)
  3 hounds
  2 jellies
  6 orc priests
  10 orc wizards
  2 centaur skeletons
  Crazy Yiuf (D:5)
  6 bullfrog skeletons
  2 iguanas
  8 worker ants
  11 adders
  12 gnolls
  2 shadow imps
  4 worms
  3 dart slugs
  4 leopard geckos
  39 orcs
  3 ball pythons
  7 bats
  2 giant cockroaches
  7 goblins
  7 hobgoblins
  7 jackals
  9 kobolds
  4 quokkas
  10 frilled lizards
  8 rats
369 creatures vanquished.

Vanquished Creatures (collateral kills)
  2 death yaks (Lair:4)
2 creatures vanquished.

Vanquished Creatures (others)
  A cyclops (D:11)
  7 fungi
  2 plants
10 creatures vanquished.

Grand Total: 381 creatures vanquished

Notes
Turn   | Place    | Note
-------+----------+-------------------------------------------
     0 | D:1      | shishkin the Vine Stalker Assassin began the quest for the
                  | Orb.
     0 | D:1      | Reached XP level 1. HP: 11/11 MP: 2/2
    32 | D:1      | Reached skill level 5 in Stealth
   445 | D:1      | Reached XP level 2. HP: 15/15 MP: 3/3
   774 | D:1      | Reached XP level 3. HP: 18/18 MP: 4/4
  1117 | D:2      | Upgraded the game from 0.24-a0-613-g1ff6aac338 to
                  | 0.24-a0-615-g751f86b5a9
  1161 | D:2      | Upgraded the game from 0.24-a0-615-g751f86b5a9 to
                  | 0.24-a0-618-ge4662a2d14
  1204 | D:2      | Gained mutation: Your natural rate of healing is unusually
                  | fast. [Vine Stalker growth]
  1204 | D:2      | Reached XP level 4. HP: 14/23 MP: 2/5
  1472 | D:2      | Reached skill level 1 in Dodging
  1801 | D:3      | Reached skill level 1 in Armour
  2063 | D:3      | Found a white marble altar of Elyvilon.
  2269 | D:4      | Reached XP level 5. HP: 26/26 MP: 4/6
  2345 | D:4      | Found a staircase to the Ecumenical Temple.
  2351 | D:4      | Found a glowing drain.
  2378 | Sewer    | Entered a sewer
  2392 | Sewer    | Upgraded the game from 0.24-a0-618-ge4662a2d14 to
                  | 0.24-a0-630-g0d56a851f4
  2402 | Sewer    | Noticed Purgy
  2433 | Sewer    | Killed Purgy
  2433 | Sewer    | Reached XP level 6. HP: 13/32 MP: 2/7
  2659 | D:4      | Reached XP level 7. HP: 26/35 MP: 8/8
  2748 | D:4      | Found an iron altar of Okawaru.
  2763 | D:4      | Found a basalt altar of Yredelemnul.
  3167 | D:4      | Found an opulent altar of Gozag.
  3262 | D:5      | Entered Level 5 of the Dungeon
  3417 | D:5      | Found a runed translucent door.
  3418 | D:5      | Noticed Crazy Yiuf
  3441 | D:5      | Killed Crazy Yiuf
  3615 | D:5      | Found a shadowy altar of Dithmenos.
  3756 | D:5      | Gained mutation: You have razor-sharp teeth. [Vine Stalker
                  | growth]
  3756 | D:5      | Reached XP level 8. HP: 40/40 MP: 9/9
  3955 | D:5      | Became a worshipper of Dithmenos the Shadowed
  4077 | D:6      | Noticed Sigmund
  4093 | D:6      | Killed Sigmund
  4138 | D:6      | Reached skill level 5 in Short Blades
  4292 | D:6      | Noticed Dowan
  4293 | D:6      | Noticed Grinder
  4293 | D:6      | Noticed Duvessa
  4298 | D:6      | Paralysed by Grinder for 7 turns
  4567 | D:6      | Killed Duvessa
  4571 | D:6      | Killed Dowan
  4571 | D:6      | Reached skill level 5 in Throwing
  4578 | D:6      | Reached skill level 5 in Armour
  4589 | D:6      | Paralysed by Grinder for 2 turns
  4611 | D:6      | Killed Grinder
  4611 | D:6      | Reached XP level 9. HP: 40/45 MP: 8/10
  4658 | D:6      | Found a burning altar of Makhleb.
  4693 | D:6      | Found a sacrificial altar of Ru.
  4881 | D:7      | Found Otzietena's Gadget Shoppe.
  4894 | D:7      | Found a shimmering altar of Xom.
  4944 | D:7      | Reached * piety under Dithmenos
  5008 | D:7      | Found a bloodstained altar of Trog.
  5189 | D:7      | Noticed Harold
  5548 | D:7      | Found a sparkling altar of Nemelex Xobeh.
  5607 | D:7      | Found a glowing silver altar of Zin.
  6149 | D:7      | Killed Harold
  6149 | D:7      | Reached XP level 10. HP: 32/51 MP: 7/11
  6194 | D:8      | Found a stormy altar of Qazlal.
  6203 | D:8      | Found a blossoming altar of Fedhas.
  6260 | D:8      | Reached skill level 5 in Fighting
  6286 | D:8      | Found a staircase to the Lair.
  7328 | D:9      | Reached ** piety under Dithmenos
  7364 | D:9      | Noticed a two-headed ogre
  7378 | D:9      | HP: 2/51 [two-headed ogre/+0 giant club (7)]
  7391 | D:9      | Killed a two-headed ogre
  7520 | D:9      | Found a hazy altar of Hepliaklqana.
  8578 | D:10     | Entered Level 10 of the Dungeon
  8853 | D:10     | Noticed Joseph
  8870 | D:10     | Killed Joseph
  8870 | D:10     | Reached XP level 11. HP: 43/56 MP: 12/12
  8986 | D:10     | Reached skill level 1 in Shields
  9246 | D:10     | Found a staircase to the Orcish Mines.
  9302 | D:10     | Reached *** piety under Dithmenos
  9689 | D:11     | Noticed a cyclops
  9693 | D:11     | Killed a cyclops
  9972 | D:11     | Noticed a manticore
  9976 | D:11     | Killed a manticore
 10192 | D:11     | Reached **** piety under Dithmenos
 10587 | Lair:1   | Entered Level 1 of the Lair of Beasts
 10697 | Lair:1   | Gained mutation: You heal very quickly. [Vine Stalker
                  | growth]
 10697 | Lair:1   | Reached XP level 12. HP: 62/62 MP: 13/13
 12161 | Lair:2   | Identified the Catalogue of Freezing Slavery
 12429 | Lair:2   | Got a translucent bone ring
 12460 | Lair:2   | Identified the ring of Dair {rElec EV+5} (You found it on
                  | level 2 of the Lair of Beasts)
 13071 | Lair:3   | Upgraded the game from 0.24-a0-630-g0d56a851f4 to
                  | 0.25-a0-35-g747a2b3c0c
 13103 | Lair:2   | Upgraded the game from 0.25-a0-35-g747a2b3c0c to
                  | 0.25-a0-167-g836c352ace
 13108 | Lair:3   | Noticed a four-headed hydra
 13198 | Lair:2   | Killed a four-headed hydra
 13198 | Lair:2   | Reached skill level 10 in Throwing
 13227 | Lair:3   | Reached ***** piety under Dithmenos
 13239 | Lair:3   | Reached XP level 13. HP: 34/68 MP: 14/14
 13240 | Lair:3   | Upgraded the game from 0.25-a0-167-g836c352ace to
                  | 0.25-a0-248-g18654cfe15
 13531 | Lair:3   | Found a staircase to the Shoals.
 13694 | Lair:4   | Found a staircase to the Snake Pit.
 13751 | Lair:4   | Reached skill level 10 in Short Blades
 14132 | Lair:5   | Found a staircase to the Slime Pits.
 14161 | Lair:4   | Found a runed translucent gate.
 14161 | Lair:4   | Found a runed translucent gate.
 14161 | Lair:4   | Found a runed translucent gate.
 14187 | Lair:4   | Noticed astraldaughter's ghost (journeyman DECj)
 14574 | Lair:4   | Reached skill level 10 in Armour
 14888 | Lair:4   | Found a viscous altar of Jiyva.
 14930 | Lair:5   | HP: 2/70 [death yak (8)]
 14930 | Lair:5   | Slain by a death yak

Levels and vault maps discovered:
D:1:      dpeg_arrival_renting, layout_basic, minmay_misc_feat_enclosed,
          nrook_mini_vaults, minmay_pentomino_p4
D:2:      layout_rooms, minivault_25
D:3:      layout_loops_cross, old_standard_altar
D:4:      layout_loops_ring, kennysheep_little_box, okawaru_metal_pillars_1_2,
          nicolae_overflow_hidden_temple, minmay_temple_entry_purple_smoke,
          cheibrodos_sewer_entry_drain, first_ration
D:5:      layout_cave_pools, grunt_dithmenos_smoke, uniq_crazy_yiuf_cottage
D:6:      layout_rooms, lightli_temple_of_fire, nicolae_ru_the_path_less_chosen,
          uniq_duvessa, uniq_sigmund, uniq_grinder
D:7:      layout_layer_cave, lemuel_doored_altar, zin_academy,
          nemelex_xobeh_ov_fountains_minmay, kennysheep_mini_moat, serial_shops,
          kennysheep_mini, uniq_harold
D:8:      layout_cave_pods, grunt_temple_overflow_forces_of_nature,
          due_lair_maze_entry_diamond
D:9:      layout_basic, lemuel_round_altar
D:10:     layout_rooms, erik_orc_1, uniq_joseph
D:11:     layout_roguey, grunt_tengu_nest
Lair:1:   layout_layer_cave, serial_bayou_shore_b
Lair:2:   layout_gridlike, chequers_serial_rivers_large_a, minivault_11
Lair:3:   layout_cave_shapes, minmay_shoals_entry_beasts
Lair:4:   layout_regular_city, guppyfry_snake_entry_island, gammafunk_ghost_ooze
Lair:5:   layout_loops_ring, slime_dummy, st_stairs_9,
          infiniplex_staircase_pool_2, grunt_megastairs_5

Skill      XL: |  1  2  3  4  5  6  7  8  9 10 11 12 13 |
---------------+----------------------------------------+-----
Stealth        | 5 6 |  6.1
Fighting       | 2 3 4 5 6 8 |  8.9
Short Blades   | 2 3 4 5 6 8 9 10 | 10.3
Throwing       | 2 3 5 6 7 8 10 | 10.6
Dodging        | 1 2 |  2.4
Armour         | 1 2 3 5 6 7 8 9 10 | 10.1
Shields        | 3 4 |  4.0

Action                   |  1- 3 |  4- 6 |  7- 9 | 10-12 | 13-15 || total
-------------------------+-------+-------+-------+-------+-------++-------
Melee: Dagger            |    82 |   214 |   490 |   909 |   329 ||  2024
       Bite              |    16 |    63 |   172 |   486 |   147 ||   884
       Short sword       |       |       |       |   258 |       ||   258
Throw: Dart              |    19 |    43 |    66 |    60 |    23 ||   211
       Boomerang         |       |       |    17 |   139 |       ||   156
       Javelin           |       |       |     6 |     4 |     7 ||    17
  Use: Scroll            |       |     5 |    15 |    15 |     4 ||    39
       Potion            |       |     2 |     3 |     8 |     3 ||    16
  Eat: Chunk             |     1 |     5 |     8 |    26 |     5 ||    45
       Ration            |       |       |     2 |       |       ||     2
Armor: Plate armour      |    64 |   157 |   227 |   448 |    79 ||   975
       Robe              |     4 |       |       |       |       ||     4
Dodge: Dodged            |    17 |    32 |   122 |   285 |    98 ||   554
Block: Other             |       |       |    23 |    10 |       ||    33
       Buckler           |       |       |       |   243 |    95 ||   338
       Reflection        |       |       |       |     9 |       ||     9

Table legend:
 A = Non-vault XP
 B = Vault XP
 C = Vault XP percentage of total XP
 D = Non-vault monster count
 E = Vault monster count
 F = Vault count percentage of total count
                 A         B        C        D         E       F
            +---------+---------+-------+---------+---------+-------
      Total |   35765 |    7347 |  17.0 |     318 |      54 |  14.5
            +---------+---------+-------+---------+---------+-------
        D:1 |      37 |       6 |  14.0 |      20 |       4 |  16.7
        D:2 |      77 |       0 |   0.0 |      19 |       0 |   0.0
        D:3 |      42 |       0 |   0.0 |      14 |       0 |   0.0
        D:4 |     588 |       4 |   0.7 |      26 |       2 |   7.1
        D:5 |     375 |      37 |   9.0 |      14 |       1 |   6.7
        D:6 |     779 |     741 |  48.8 |      18 |       4 |  18.2
        D:7 |     778 |    1166 |  60.0 |      13 |       2 |  13.3
        D:8 |    2393 |    1000 |  29.5 |      25 |       8 |  24.2
        D:9 |    1772 |       0 |   0.0 |      18 |       0 |   0.0
       D:10 |    1918 |    1051 |  35.4 |      22 |      18 |  45.0
       D:11 |    5664 |     339 |   5.6 |      38 |       1 |   2.6
     Lair:1 |    4184 |       0 |   0.0 |      19 |       0 |   0.0
     Lair:2 |    9300 |     247 |   2.6 |      37 |       1 |   2.6
     Lair:3 |     673 |     541 |  44.6 |       4 |       1 |  20.0
     Lair:4 |    6122 |    1098 |  15.2 |      28 |       2 |   6.7
     Lair:5 |    1063 |     952 |  47.2 |       3 |       2 |  40.0
      Sewer |       0 |     165 | 100.0 |       0 |       8 | 100.0
            +---------+---------+-------+---------+---------+-------
